 Dungeon Crawl Stone Soup version 0.18-a0-1764-gf4ddf0b (webtiles) character file.

135 M4edhros the Ducker (level 5, -9/50 HPs)
             Began as an Ogre Wanderer on Apr 13, 2016.
             Was an Initiate of Gozag.
             Killed themself with a badly aimed iceblast (17 damage)
             ... on level 3 of the Dungeon.
             The game lasted 00:02:46 (2644 turns).

M4edhros the Ducker (Ogre Wanderer)                 Turns: 2644, Time: 00:02:47

Health: -9/50      AC:  3    Str: 16 (17) XL:     5   Next: 18%
Magic:  5/5        EV: 11    Int: 10      God:    Gozag
Gold:   313        SH:  0    Dex: 10 (11) Spells: 0 memorised, 4 levels left

rFire  . . .     SeeInvis .     a - +2 mace
rCold  . . .     Gourm    .     d - +0 robe
rNeg   . . .     Faith    .     (no shield)
rPois  .         Spirit   .     (helmet restricted)
rElec  .         Dismiss  .     (no cloak)
rCorr  .         Reflect  .     (gloves unavailable)
SustAt .         Harm     .     (boots unavailable)
MR     .....                    (no amulet)
Stlth  ++........               (no ring)
                                l - ring of stealth

@: not resistant to hostile enchantments, unstealthy
A: unfitting armour, tough skin 1
a: Potion Petition, Call Merchant, Bribe Branch, Renounce Religion


You were on level 3 of the Dungeon.
You worshipped Gozag.
Gozag was noncommittal.
You were near starving.

You visited 1 branch of the dungeon, and saw 3 of its levels.

You collected 335 gold pieces.
You paid 22 gold pieces to Gozag.

Inventory:

Hand Weapons
 a - a +2 mace (weapon)
 e - a +0 dagger
Missiles
 b - 58 stones (quivered)
 g - 96 sling bullets
Armour
 d - a +0 robe (worn)
Jewellery
 l - a ring of stealth (left hand)
Wands
 o - a wand of random effects (26/48)
Scrolls
 c - a scroll of teleportation
 h - 2 scrolls of recharging {unknown}
 j - 3 scrolls of magic mapping {unknown}
 k - a scroll of enchant armour {unknown}
 n - 4 scrolls of identify {unknown}
 s - a scroll of immolation {unknown}
Books
 r - a book of Minor Magic

   Spells                             Type                      Level
   a - Magic Dart                     Conjuration                  1
   b - Blink                          Translocation                2
   c - Call Imp                       Summoning                    2
   d - Repel Missiles                 Charms/Air                   2
   e - Slow                           Hexes                        2
   f - Conjure Flame                  Conjuration/Fire             3
   g - Mephitic Cloud                 Conjuration/Poison/Air       3
Comestibles
 f - 4 bread rations
 i - a royal jelly
 m - a meat ration


   Skills:
 - Level 2.6 Fighting
 - Level 2.6 Maces & Flails
 + Level 4.9 Dodging
 - Level 1.5 Stealth
   Level 1.0 Shields


You had 4 spell levels left.
You didn't know any spells.

Dungeon Overview and Level Annotations

Branches:
Dungeon (3/15)

Altars:
Cheibriados
Gozag

Annotations:
D:3 Ijyb


Innate Abilities, Weirdness & Mutations

You are too large for most types of armour.
You have tough skin (AC +1).


Message History

You hit Ijyb.
Ijyb is moderately wounded.
Ijyb hits you with an enchanted club.
* * * LOW HITPOINT WARNING * * *
Drink which item? (? for menu, Esc to quit)
You feel better. Ijyb hits you with an enchanted club!
* * * LOW HITPOINT WARNING * * *
Drink which item? (? for menu, Esc to quit)
It was a potion of cure mutation.
It has a very clean taste.
Ijyb screams, "I dance on your bones!" Ijyb barely misses you.
Evoke which item? (* to show all) (? for menu, Esc to quit)
Zapping:
o - a wand of random effects (will waste charges)
Press: ? - help, Shift-Dir - straight line, f - Ijyb
Aim: Ijyb, wielding an enchanted club, wearing a leather armour and carrying a wand of disintegration {zapped: 4} (moderately wounded)
The mass of ice explodes!
The iceblast engulfs Ijyb.
Ijyb is severely wounded.
The iceblast engulfs you!
You die...
Your body crumbles into a pile of gold.

.....#.###..... #.#
.....#.# ..... #.#
.....#.# .. . #.#
.....#.# ########.#
.....#.#######.
#........#
..##...........
##.########
.......########
#<......# .......#
#######'#..#.#
.......# #..g@......#
.......###
#!...........#
.........#
#........#####
.......#.# #...?..w.#
.........# #........#
....)....####........#
.....................#
..##.................#
..............


You could see Ijyb and a worm.

Vanquished Creatures
  6 adders
  2 oozes (D:2)
  An adder skeleton (D:3)
  2 worms
  3 dart slugs
  A giant gecko (D:1)
  3 giant cockroaches
  5 goblins
  5 hobgoblins
  6 jackals (D:3)
  7 bats
  8 giant newts
  4 kobolds
  10 rats
63 creatures vanquished.

Notes
Turn   | Place    | Note
--------------------------------------------------------------
     0 | D:1      | M4edhros the Ogre Wanderer began the quest for the Orb.
     0 | D:1      | M4edhros set off with: a +2 mace, a potion of lignification, a scroll of teleportation, a +0 robe, a +0 dagger, a bread ration
     0 | D:1      | Reached XP level 1. HP: 22/22 MP: 1/1
   354 | D:1      | Reached XP level 2. HP: 23/29 MP: 2/2
   482 | D:1      | Reached skill level 3 in Dodging
   958 | D:2      | Reached XP level 3. HP: 21/36 MP: 3/3
  1240 | D:2      | Reached skill level 4 in Dodging
  1240 | D:2      | Reached XP level 4. HP: 22/44 MP: 4/4
  1607 | D:2      | Found a faded altar to an unknown god.
  1777 | D:2      | Found an opulent altar of Gozag.
  1807 | D:2      | Became a worshipper of Gozag Ym Sagoz the Greedy
  2172 | D:3      | Found a snail-covered altar of Cheibriados.
  2401 | D:3      | Reached XP level 5. HP: 47/50 MP: 5/5
  2630 | D:3      | Noticed Ijyb
  2644 | D:3      | Killed themself with a badly aimed iceblast

Vault maps used:
D:1:      co_arrival_square_in_a_square_in_a_square
D:2:      grunt_gozag_statues, ecumenical_altar_2, first_bread
D:3:      cheibriados_altar_1, lemuel_round_altar, uniq_iyjb

Skill      XL: |  1  2  3 |
---------------+----------+-----
Dodging        | 3 4 |  4.9
Fighting       | |  2.6
Maces & Flails | |  2.6
Stealth        | |  1.5
Shields        | |  1.0

Action                   |  1- 3 |  4- 6 || total
-------------------------+-------+-------++-------
Melee: Mace              |    82 |   138 ||   220
  Use: Potion            |     4 |     2 ||     6
 Stab: Sleeping          |     2 |     5 ||     7
       Distracted        |       |     1 ||     1
  Eat: Chunk             |     1 |     3 ||     4
Armor: Robe              |    17 |    63 ||    80
       Skin              |    53 |     5 ||    58
Dodge: Dodged            |    61 |    97 ||   158
